ElectroGuy, lawful female human Valkyrie ------- --------- ------ ---- ----- |<.....## |.-..|..| +....+ |..| +...| |.[...| # |.|..|..| |....| |.. |...- --.---- ### |.----|-----....----f--+-----...| # # #|..................@).)...).....| ####|.-|-----+--......@--|----|--.).| ^ ##|.|..|..| |......{|....|...|...| ##..|..|..| |.......|....|...|...| #|.----|-----...+...|.._.|...|...| #|......[...(..{....|....|...|...| |.------+--------.----------|...| |.-.)+%| |(((.-(+ |....-...| |.|+..)| |.((.|.| |....|...| |.|(..[| |....|.| |....|...| |.---------------.-----------...| |...............................| --------------------------------- ElectroGuy the Fighter Experience level: 7 Strength: 18/05 Dexterity: 11 Constitution: 18 Intelligence: 8 Wisdom: 8 Charisma: 8 Health: 0(81) Energy: 20(20) Def: 4 Gold: 1115 Moves: 3584 Dungeon seed: WcVFRjgitkCC1YM- Game ID: ElectroGuy_1577574719 Your Inventory: Coins $ - 1115 gold pieces Weapons a - the rustproof +0 Excalibur (weapon in hand) b - a +0 dagger h - 8 +0 daggers p - a +0 long sword Y - a +0 elven dagger Armor e - an uncursed +0 dwarvish iron helm (being worn) w - an uncursed +0 pair of iron shoes (being worn) N - an uncursed +0 dwarvish cloak (being worn) Comestibles m - 2 uncursed cram rations q - an uncursed cream pie r - an uncursed tripe ration s - an uncursed food ration t - an uncursed fortune cookie u - an uncursed Dragon Fruit v - an uncursed tin of giant bat meat x - 2 uncursed eggs z - an uncursed tin of kitten meat Scrolls P - 4 uncursed scrolls of blank paper Potions X - an uncursed potion of object detection Z - an uncursed potion of blindness Rings A - an uncursed ring of teleport control (on left hand) Wands c - a wand of speed monster (0:5) o - a wand of light (0:-1) Tools f - an uncursed wax candle (0:400) g - an uncursed lock pick i - 3 uncursed tallow candles (0:200) J - a cursed sack L - a cursed tinning kit (0:89) S - an uncursed mirror W - a blessed tallow candle (0:200) Spells and supernatural/magical abilities: Name Level Category Fail Memory a - force bolt 1 attack 99% 99% W - pray for help -- divine ? -- Your skills at the end: Fighting Skills Weapon Skills dagger [Basic] long sword [Skilled] Spellcasting Skills Final Attributes: You had transgressed. You were cold resistant. You were level-drain resistant. You had automatic searching. You were stealthy. You had teleport control. You were fast. You were very unlucky. You are dead. Vanquished creatures: a ghost a giant mimic 2 large mimics a small mimic 3 watchmen an iron piercer a rope golem 2 Woodland-elves an imp a wood nymph 2 water nymphs 2 rock piercers 3 rock moles a pony 4 gnome lords 3 gnomish wizards 3 kobold mummies a black naga hatchling a gray ooze 2 elf zombies a paper golem a kitten 4 dwarves a centipede an orc zombie 2 dwarf zombies 2 iguanas an acid blob 2 coyotes a gas spore a hobbit a hobgoblin a cave spider a green mold a red mold 18 gnomes 2 geckos 10 jackals 2 kobolds 2 sewer rats 4 grid bugs 3 lichens 2 kobold zombies a newt 101 creatures vanquished. Voluntary challenges: You had been an atheist until turn 3436. You used a wielded weapon 111 times, starting on turn 4. You read items or engraved 5 times, starting on turn 525. You never genocided any monsters. You never polymorphed an object. You never changed form. You used no wishes. You never split a pudding. You never wrote Elbereth's name. You violated your moral code, losing 113 points of alignment, starting on turn 422. Dungeon overview: The Dungeons of Doom: levels 1 to 4 Level 1 a long staircase Level 2 stairs to The Gnomish Mines Level 3 a fountain Level 4 a fountain The Gnomish Mines: levels 3 to 6 Level 3 stairs to The Dungeons of Doom Level 4 Level 5 Level 6 <- You were here some shops, a temple to Tyr, some fountains History has recorded: On T:1 you entered the Dungeons of Doom to retrieve the Amulet of Yendor! On T:222 you reached level 2 of The Dungeons of Doom. On T:416 you advanced to experience level 2. On T:422 you advanced to experience level 3. On T:624 you reached level 1 of The Gnomish Mines. On T:639 you advanced to experience level 4. On T:764 you advanced to experience level 5. On T:1090 you reached level 3 of The Dungeons of Doom. On T:1177 you reached level 4 of The Dungeons of Doom. On T:1566 you reached level 2 of The Gnomish Mines. On T:1686 you advanced to experience level 6. On T:2125 you reached level 3 of The Gnomish Mines. On T:3151 you advanced to experience level 7. On T:3185 you reached level 4 of The Gnomish Mines. Score breakdown: Gold: 1115 (10367 points) Experience: 7 levels (13645 points) Exploration: 6 levels ( 12.77%) ( 9890 points) Discoveries: 11 items ( 4.47%) ( 6343 points) Valuables value: (no points given unless you survive) Artifact value: 4000 (12253 points) Variety of kills: 44 monsters ( 11.55%) (10194 points) Turncount: 3584 turns ( -862 points) Survival: died (score multiplied by 80%) Total score: 49464 Latest messages: The watchman hurls a ruby potion! The flagon crashes on your head and breaks into shards. You feel rather tired. It hits! (2x) You wake up. You hit the watchman! The watchman thrusts his short sword. The watchman hits! You hit the watchman! The watchman thrusts his short sword. The watchman hits! You miss the watchman. The watchman thrusts his short sword. The watchman hits! You begin praying to Tyr. The watchman thrusts his short sword. The watchman hits! You die... The sack is empty. The sack is empty. Final status: Farvel ElectroGuy the Valkyrie, killed by a watchman, while praying... You died in The Gnomish Mines on dungeon level 6 with 49464 points, and 1115 pieces of gold, after 3584 moves. You were level 7 with a maximum of 81 hit points when you died.